 Dungeon Crawl Stone Soup version 0.31-a0-152-g6aa68a64a1 (webtiles) character file.

Game seed: 2389134793928730718

136 qw the Shooter (level 4, -4/41 HPs)
             Began as a Minotaur Hunter on June 9, 2023.
             Slain by an orc priest
             ... wielding a +0 trident
              (6 damage)
             ... on level 3 of the Dungeon.
             The game lasted 00:00:18 (892 turns).

qw the Shooter (Minotaur Hunter)                     Turns: 892, Time: 00:00:18

Health: -4/41      AC:  5    Str: 14    XL:     4   Next: 98%
Magic:  3/3        EV: 11    Int:  5    God:
Gold:   54         SH:  0    Dex: 20    Spells: 3/3 levels left

rFire   + . .        Y - +0 shortbow
rCold   . . .        (shield currently unavailable)
rNeg    . . .        a - +0 ring mail
rPois   .            (helmet restricted)
rElec   .            (no cloak)
rCorr   .            (no gloves)
SInv    .            (no boots)
Will    .....        (no amulet)
Stlth   +            (no ring)
HPRegen 0.26/turn    (no ring)
MPRegen 0.08/turn

%: no passive effects
@: no status effects
A: horns 2, retaliatory headbutt, agile 1, fire resistance 1
a: no special abilities


You were on level 3 of the Dungeon.
You visited 1 branch of the dungeon, and saw 4 of its levels.

You collected 54 gold pieces.


Innate Abilities, Weirdness & Mutations

You have a pair of horns on your head.
You reflexively headbutt those who attack you in melee.
You are agile. (Dex +4, Str/Int -1)
Your flesh is heat resistant. (rF+)


   Skills:
 - Level 4.6 Fighting
 + Level 5.4 Ranged Weapons
 - Level 2.0 Armour
 - Level 2.1 Dodging
 - Level 0.7 Stealth


You had 3 spell levels left.
You didn't know any spells.
Your spell library was empty.

Inventory:

Hand Weapons
 Y - a +0 shortbow (weapon)
Armour
 a - a +0 ring mail (worn)
Potions
 e - a potion of cancellation {unknown}
 f - a potion of haste {unknown}
 g - a potion of lignification {unknown}
 h - a potion of curing
 i - a potion of mutation

Dungeon Overview and Level Annotations

Branches:
Dungeon (4/15)
 Temple: D:4-7

Altars:
Trog
Vehumet

Annotations:
D:1 2 transporters
D:4 1 runed translucent door, qw's ghost, amateur MiHu


Message History

You kill the orc!
You start resting.
An orc priest is nearby!
You shoot an arrow. The arrow hits the orc priest.
The orc priest is heavily wounded.
You hear a shout!
You shoot an arrow. The arrow hits the orc priest.
The orc priest is severely wounded.
An orc priest comes into view. It is wielding a +0 dagger.
The orc priest hits you from afar with a +0 trident.
You shoot an arrow. The arrow hits the orc priest.
The orc priest is severely wounded.
The orc priest hits you from afar with a +0 trident.
An endoplasm comes into view.
The orc priest hits you but does no damage.
You shoot an arrow. The arrow hits the orc priest.
The orc priest is moderately wounded.
The orc priest calls upon Beogh to heal the orc priest.
The orc priest's wounds heal themselves!
The orc priest barely misses you.
You shoot an arrow. The arrow hits the orc priest.
The orc priest is lightly wounded.
The orc priest barely misses you.
The orc priest hits you from afar with a +0 trident!
You shoot an arrow. The arrow hits the orc priest.
The orc priest is moderately wounded.
The orc priest misses you.
The orc priest calls upon Beogh to heal the orc priest.
The orc priest's wounds heal themselves!
You shoot an arrow. The arrow barely misses the orc priest.
The orc priest hits you with a +0 dagger.
The orc priest hits you from afar with a +0 trident!
The orc priest hits you but does no damage.
The orc priest begins to cast a cantrip, but forgets the words!
You shoot an arrow. The arrow hits the orc priest.
The orc priest is lightly wounded.
The orc priest invokes the aid of Beogh against you.
You barely resist.
The orc priest hits you from afar with a +0 trident.
You die...

### #### #.#
#..###### ######.#
#..o..o.o
#......######))#
#######.........@.#
..........#######o#
..#####........ J..
..#####........
.....
..........#.###
.##..#
............# .#
..# ..........#.#
.# .# ............#
.# # ..........#.#


You could see 2 orc priests and an endoplasm.

Vanquished Creatures
  A scorpion (D:4)
  2 orc priests (D:3)
  A dart slug (D:1)
  An orc (D:3)
  3 bats (D:1)
  An endoplasm (D:2)
  2 goblins
  2 hobgoblins
  3 kobolds (D:1)
  4 ball pythons (D:1)
  A frilled lizard (D:2)
  A rat (D:2)
22 creatures vanquished.

Notes
Turn   | Place    | Note
-------+----------+-------------------------------------------
     0 | D:1      | qw the Minotaur Hunter began the quest for the Orb.
     0 | D:1      | Reached XP level 1. HP: 18/18 MP: 0/0
     0 | D:1      | 0 ||| qw: Version: 0.2-a-122-gbc61b45
     0 | D:1      | 0 ||| qw: Game counter: 3433
     0 | D:1      | 0 ||| qw: Always use a shield: true
     0 | D:1      | 0 ||| qw: God list: Okawaru
     0 | D:1      | 0 ||| qw: Allow faded altars: false
     0 | D:1      | 0 ||| qw: Do Orc after D:15 true
     0 | D:1      | 0 ||| qw: Do second Lair branch before Depths: true
     0 | D:1      | 0 ||| qw: Lair rune preference: random
     0 | D:1      | 0 ||| qw: Plans: Normal
     0 | D:1      | 0 ||| PLANNING D:1-11
   322 | D:1      | Reached XP level 2. HP: 25/25 MP: 1/1
   438 | D:1      | Reached skill level 5 in Ranged Weapons
   669 | D:1      | 669 ||| READING scroll labelled HAKILACZUN.
   670 | D:1      | 670 ||| DRINKING 2 glowing golden potions.
   671 | D:1      | 671 ||| DRINKING 2 bubbling white potions.
   671 | D:1      | Gained mutation: You are agile. (Dex +4, Str/Int -1)
                  | [potion of mutation]
   671 | D:1      | Gained mutation: Your flesh is heat resistant. (rF+)
                  | [potion of mutation]
   672 | D:1      | 672 ||| DROPPING scroll of butterflies.
   707 | D:2      | You fall into a shaft and drop 2 floors!
   712 | D:4      | Noticed a scorpion
   720 | D:4      | Killed a scorpion
   721 | D:4      | Reached XP level 3. HP: 26/34 MP: 2/2
   721 | D:4      | Reached XP level 4. HP: 31/41 MP: 3/3
   769 | D:4      | Found a runed translucent door.
   772 | D:4      | Noticed qw's ghost (amateur MiHu)
   783 | D:4      | 783 ||| UPGRADING to +0 ring mail.
   793 | D:4      | 793 ||| DROPPING +0 leather armour.
   818 | D:3      | Found a radiant altar of Vehumet.
   819 | D:3      | Found a bloodstained altar of Trog.
   869 | D:3      | 869 ||| Stepping ~*~*~tactically~*~*~ (outnumbered).
   891 | D:3      | HP: 2/41 [orc priest/+0 trident (9)]
   892 | D:3      | Slain by an orc priest

Levels and vault maps discovered:
D:1:      spicycebolla_arrival_transporter_tutorial, layout_basic
D:2:      layout_rooms, serial_shops, shop, hellmonk_ecumenical_altar_lost_god,
          basic_altar, nrook_mini_backslash
D:3:      layout_basic, general_overflow_altar, cheibrodos_worm_habitat,
          nicolae_overflow_squiral
D:4:      layout_loops_ring, nicolae_overflow_hidden_temple,
          mainiacjoe_overflow_alcove_2, temple_hall, ebering_ghost_sewer_f,
          st_stairs_8, minmay_fountain_box, uniq_blork_the_orc

Skill      XL: |  1  2  3  4 |
---------------+-------------+-----
Ranged Weapons | 5 |  5.4
Fighting       | 4 |  4.6
Armour         | 2 |  2.0
Dodging        | |  2.1
Stealth        | |  0.7

Action                     |  1- 3 |  4- 6 || total
---------------------------+-------+-------++-------
   Fire: Shortbow          |    48 |    21 ||    69
    Use: Potion            |     2 |       ||     2
         Scroll            |     1 |       ||     1
 Armour: Leather armour    |     8 |       ||     8
         Ring mail         |       |     4 ||     4
  Dodge: Dodged            |    18 |     7 ||    25

Table legend:
 A = Non-vault XP
 B = Vault XP
 C = Vault XP percentage of total XP
 D = Non-vault monster count
 E = Vault monster count
 F = Vault count percentage of total count
                 A         B        C        D         E       F
            +---------+---------+-------+---------+---------+-------
      Total |     113 |      82 |  42.1 |      20 |       2 |   9.1
            +---------+---------+-------+---------+---------+-------
        D:1 |      20 |       0 |   0.0 |      12 |       0 |   0.0
        D:2 |       6 |       0 |   0.0 |       4 |       0 |   0.0
        D:3 |      87 |       0 |   0.0 |       4 |       0 |   0.0
        D:4 |       0 |      82 | 100.0 |       0 |       2 | 100.0
            +---------+---------+-------+---------+---------+-------
